 Dungeon Crawl Stone Soup version 0.22.1-2-g9c5b331 (webtiles) character file.

21965 HerrDoktor the Blocker (level 12, 0/107 HPs)
             Began as a Hill Orc Fighter on Dec 23, 2018.
             Was the Champion of Okawaru.
             Slain by a fire elemental (6 damage)
             ... led by Azrael
             ... on level 12 of the Dungeon on Dec 24, 2018.
             The game lasted 01:09:54 (15450 turns).

HerrDoktor the Blocker (Hill Orc Fighter)          Turns: 15450, Time: 01:09:55

Health: 0/107      AC: 23    Str: 29    XL:     12   Next: 95%
Magic:  13/13      EV:  8    Int:  8    God:    Okawaru [******]
Gold:   146        SH: 14    Dex: 11    Spells: 11/11 levels left

rFire    . . .     SeeInvis .   Q - +2 scimitar
rCold    + + .     Gourm    .   c - +0 shield
rNeg     . . .     Faith    .   o - +2 chain mail {rC+}
rPois    .         Spirit   .   A - +0 helmet
rElec    .         Reflect  .   H - +0 cloak of the Heavens {rC+ Str+6}
rCorr    +         Harm     .   y - +2 pair of gloves
MR       .....                  k - +2 pair of boots
Stlth    ..........             m - amulet of regeneration
HPRegen  0.67/turn              C - ring of flight
MPRegen  0.13/turn              b - ring of resist corrosion

@: no status effects
A: no striking features
a: Heroism, Finesse, Renounce Religion, Evoke Flight


You were on level 12 of the Dungeon.
You worshipped Okawaru.
Okawaru was exalted by your worship.
You were not hungry.

You visited 2 branches of the dungeon, and saw 14 of its levels.
You also visited: Ossuary.

You collected 769 gold pieces.
You spent 623 gold pieces at shops.

Inventory:

Hand Weapons
 a - a +0 long sword
 J - the +4 rapier "Tal Vall" {elec, rF- Dex+7 Stlth+}
   (You found it on level 12 of the Dungeon)

   Occasionally, upon striking a foe, it will discharge some electrical energy
   and cause terrible harm.
   It affects your dexterity (+7).
   It makes you vulnerable to fire.
   It makes you more stealthy.
 L - a +2 great sword of slicing
 Q - a +2 scimitar (weapon)
 S - the +4 quarterstaff of Riazug {elec, rC+ rN+ Dex+3, unknown}
   (Okawaru gifted it to you on level 1 of the Lair of Beasts)

   Occasionally, upon striking a foe, it will discharge some electrical energy
   and cause terrible harm.
   It affects your dexterity (+3).
   It protects you from cold.
   It protects you from negative energy.
 V - a +4 quarterstaff of protection
Missiles
 n - 402 stones
 B - 99 arrows
 K - 8 javelins of returning (quivered)
 M - 12 tomahawks
 O - 7 curare-tipped needles
Armour
 c - a +0 shield (worn)
 k - a +2 pair of boots (worn)
 o - a +2 chain mail of cold resistance (worn)
 r - a scarf of repulsion
 y - a +2 pair of gloves (worn)
 A - a +0 helmet (worn)
 H - the +0 cloak of the Heavens (worn) {rC+ Str+6}
   (You bought it in a shop on level 7 of the Dungeon)

   It affects your strength (+6).
   It protects you from cold.
 I - a +0 plate armour
Jewellery
 b - a ring of resist corrosion (right hand)
 m - an amulet of regeneration (around neck)
 u - an uncursed amulet of faith
 v - a +3 amulet of reflection
 C - a ring of flight (left hand)
Wands
 G - a wand of digging (20)
 N - a wand of paralysis (13)
 P - a wand of disintegration (10)
 T - a wand of random effects (67)
Scrolls
 e - 9 scrolls of remove curse
 h - 5 scrolls of identify
 q - 7 scrolls of teleportation
 s - a scroll of fear
 t - 2 scrolls of amnesia
 D - a scroll of magic mapping
 F - 2 scrolls of silence
 R - a scroll of fog
 X - a scroll of enchant weapon
Potions
 d - 6 potions of might
 g - 3 potions of brilliance
 i - 3 potions of agility
 l - 8 potions of curing
 p - 6 potions of heal wounds
 w - a potion of berserk rage {unknown}
 x - 2 potions of magic
 z - 3 potions of flight
 E - 2 potions of haste
 U - a potion of cancellation
 W - a potion of lignification {unknown}
Miscellaneous
 j - a sack of spiders
Comestibles
 f - 22 rations


   Skills:
 + Level 10.3 Fighting
 + Level 13.2 Long Blades
 + Level 9.6 Armour
 + Level 14.0 Shields
 - Level 1.4 Invocations
 + Level 0.1 Evocations


You had 11 spell levels left.
You didn't know any spells.
Your spell library contained the following spells:

 Spells                   Type           Power        Failure   Level  Hunger
 Animate Skeleton         Necr           N/A          90%         1    ##.....
 Magic Dart               Conj           #...         90%         1    ##.....
 Pain                     Necr           #...         90%         1    ##.....
 Blink                    Tloc           N/A          97%         2    ###....
 Call Imp                 Summ           #.......     97%         2    ###....
 Slow                     Hex            #.......     97%         2    ###....
 Conjure Flame            Conj/Fire      #.......     99%         3    ####...
 Mephitic Cloud           Conj/Pois/Air  #.......     99%         3    ####...
 Regeneration             Chrm/Necr      #.........   99%         3    ####...
 Vampiric Draining        Necr           #.........   99%         3    ####...
 Animate Dead             Necr           N/A          100%        4    #####..


Dungeon Overview and Level Annotations

Branches:
Dungeon (13/15)            Temple (0/1) D:5            Lair (1/6) D:10
    Orc (0/2) D:10
 Vaults: D:13-14

Altars:
Ashenzari
Elyvilon
Fedhas
Okawaru
Ru
Trog
Vehumet
Xom
Yredelemnul
Zin
The Shining One

Shops:
D:5 [   D:7 *   D:10 ?   D:11 !

Annotations:
D:13 Azrael


Message History

The hell hound bites you but does no damage.
You slash the fire elemental!
The fire elemental is almost destroyed.
You block the hell hound's attack. The fire elemental hits you.
The fire elemental burns you!
* * * LOW HITPOINT WARNING * * *
You barely miss the fire elemental.
The fire elemental is almost destroyed.
You block the hell hound's attack. You block the fire elemental's attack.
The hell hound bites you.
* * * LOW HITPOINT WARNING * * *
You hit the fire elemental but do no damage.
The fire elemental is severely damaged.
The fire elemental hits you. The fire elemental burns you!
* * * LOW HITPOINT WARNING * * *
You block the hell hound's attack.
You hit the fire elemental.
The fire elemental is almost destroyed.
The fire elemental hits you. The fire elemental burns you!
You die...

### ###E# #### #.@.# ...# #h#.#
############# ##.# #.#.#
#...........# ##+######### #.#.#
#.#########.# #..........####.#.#
#............
................#.#############.#
...........?......#........)...>+
.........#.......[#.#######.###.#
.......#########.)).........#....


You could see a fire elemental and a hell hound.

Vanquished Creatures
  A death knight (D:11)
  5 two-headed ogres
  Nergalle (D:12)
  2 unseen horrors
  Pikel (D:6)
  2 ugly things
  A manticore (D:12)
  A black mamba (Lair:1)
  A kobold demonologist (D:12)
  A spiny frog (Lair:1)
  A merfolk (D:10)
  5 trolls
  3 meliai (D:12)
  The ghost of Yoni the Cutter, an amateur HuBe of Trog (D:4)
  A hornet (D:11)
  2 slime creatures (D:12)
  Prince Ribbit (D:7)
  4 hippogriffs
  Sigmund (D:4)
  A wyvern (D:11)
  7 yaks
  Eustachio (D:5)
  A wraith (D:12)
  A fire elemental (D:12)
  A basilisk (D:9)
  A steam dragon (D:7)
  Menkaure (D:7)
  4 vampire mosquitoes (D:12)
  A soldier ant (D:11)
  An acid dragon (D:8)
  5 porcupines
  8 orc warriors
  3 sky beasts
  6 black bears
  A swamp drake (D:10)
  3 ice beasts
  2 phantoms
  An eye of draining (D:11)
  A centaur (D:11)
  7 ogres
  A necrophage (D:11)
  2 wolves (D:9)
  2 crocodiles
  A big kobold (D:12)
  Blork the orc (D:6)
  An elf zombie (Ossuary)
  7 bullfrogs
  3 scorpions
  12 killer bees
  2 electric eels (D:7)
  3 wights (D:11)
  3 crimson imps
  A quasit (D:7)
  2 bullfrog zombies (D:6)
  4 centaur zombies
  A lava snake (D:12)
  7 orc priests
  A human zombie (Ossuary)
  3 hounds
  4 jellies
  6 orc wizards
  3 bullfrog skeletons
  A centaur skeleton (D:8)
  6 iguanas
  15 worker ants
  A hound zombie (Ossuary)
  2 hound skeletons
  3 mummies (Ossuary)
  13 adders
  2 shadow imps
  2 adder zombies (Ossuary)
  2 worms (D:4)
  3 dart slugs
  5 leopard geckos
  43 orcs
  5 giant cockroaches
  7 goblins
  12 hobgoblins
  16 jackals
  5 quokkas
  A ball python (D:4)
  7 bats
  10 frilled lizards
  A gnoll zombie (Ossuary)
  3 goblin zombies (Ossuary)
  8 hobgoblin zombies (Ossuary)
  3 jackal zombies (Ossuary)
  12 kobolds
  5 kobold zombies (Ossuary)
  A leopard gecko skeleton (D:5)
  A leopard gecko zombie (D:7)
  3 orc zombies (Ossuary)
  A quokka skeleton (D:4)
  5 quokka zombies
  7 rats
373 creatures vanquished.

Vanquished Creatures (others)
  2 slaves (D:7)
  An ogre (D:7)
  A bullfrog zombie (D:7)
  A hound (D:4)
  A hound skeleton (D:7)
  An adder (D:7)
  A giant cockroach (D:7)
  3 plants (D:7)
11 creatures vanquished.

Grand Total: 384 creatures vanquished

Notes
Turn   | Place    | Note
-------+----------+-------------------------------------------
     0 | D:1      | HerrDoktor the Hill Orc Fighter began the quest for the
                  | Orb.
     0 | D:1      | Reached XP level 1. HP: 19/19 MP: 1/1
   226 | D:1      | Reached XP level 2. HP: 27/27 MP: 2/2
   585 | D:1      | Reached XP level 3. HP: 31/33 MP: 3/3
  1354 | D:2      | Reached skill level 4 in Shields
  1406 | D:2      | Reached XP level 4. HP: 40/40 MP: 4/4
  1753 | D:3      | Found an iron altar of Okawaru.
  1753 | D:3      | Found a bloodstained altar of Trog.
  1790 | D:3      | Became a worshipper of Warmaster Okawaru
  2290 | D:3      | Reached XP level 5. HP: 45/46 MP: 5/5
  2437 | D:3      | Found a white marble altar of Elyvilon.
  2438 | D:3      | Found a glowing golden altar of the Shining One.
  2440 | D:3      | Found a glowing silver altar of Zin.
  2583 | D:3      | Found a bloodstained altar of Trog.
  2631 | D:4      | Noticed a phantom
  2643 | D:4      | Killed a phantom
  2671 | D:4      | Found a runed door.
  2675 | D:4      | Noticed Yoni's ghost (amateur HuBe)
  2681 | D:4      | Noticed Sigmund
  2703 | D:4      | Killed Sigmund
  2703 | D:4      | Reached skill level 5 in Long Blades
  2703 | D:4      | Reached skill level 5 in Shields
  2703 | D:4      | Reached XP level 6. HP: 38/53 MP: 6/6
  2779 | D:4      | Reached * piety under Okawaru
  2813 | D:4      | Reached XP level 7. HP: 51/60 MP: 7/7
  3006 | D:4      | Found a runed door.
  3011 | D:4      | Found a shimmering altar of Xom.
  3024 | D:4      | Reached skill level 6 in Shields
  3458 | D:4      | Killed Yoni's ghost
  3556 | D:5      | Entered Level 5 of the Dungeon
  3582 | D:5      | Found a staircase to the Ecumenical Temple.
  3612 | D:5      | Reached skill level 7 in Shields
  3629 | D:5      | Reached XP level 8. HP: 67/67 MP: 8/8
  3887 | D:5      | Noticed Eustachio
  3936 | D:5      | Killed Eustachio
  3936 | D:5      | Reached skill level 5 in Fighting
  4151 | D:5      | Reached ** piety under Okawaru
  4478 | D:5      | Found a sacrificial altar of Ru.
  4543 | D:5      | Found Ulejejokk's Antique Armour Boutique.
  4549 | D:5      | Bought a pair of embroidered gloves for 187 gold pieces
  4812 | D:6      | Noticed Blork the orc
  4831 | D:6      | Killed Blork the orc
  4902 | D:6      | Reached skill level 8 in Shields
  5352 | D:6      | Reached skill level 5 in Armour
  5512 | D:6      | Reached XP level 9. HP: 70/74 MP: 9/9
  5823 | D:7      | Reached *** piety under Okawaru
  5894 | D:7      | Reached skill level 9 in Shields
  5931 | D:7      | Noticed Pikel
  5981 | D:6      | Killed Pikel
  6032 | D:7      | HP: 2/75 [electric eel/bolt of electricity (6)]
  6306 | D:7      | Reached skill level 10 in Shields
  6341 | D:7      | Found a sand-covered staircase.
  6374 | Ossuary  | Entered an ossuary
  6794 | D:7      | Noticed Menkaure
  6801 | D:7      | Killed Menkaure
  6801 | D:7      | Reached **** piety under Okawaru
  7282 | D:7      | Noticed Prince Ribbit
  7304 | D:7      | Killed Prince Ribbit
  7304 | D:7      | Reached XP level 10. HP: 57/84 MP: 10/10
  7750 | D:7      | Found Ucuat's Assorted Antiques.
  7761 | D:7      | Bought a twisted cloak for 228 gold pieces
  7761 | D:7      | Bought a lumpy inky potion for 21 gold pieces
  7761 | D:7      | Bought a scroll labeled YHYUR ARUFF for 24 gold pieces
  7761 | D:7      | Bought a lumpy inky potion for 21 gold pieces
  7771 | D:7      | Identified the +0 cloak of the Heavens {rC+ Str+6} (You
                  | bought it in a shop on level 7 of the Dungeon)
  7802 | D:7      | Found a faded altar of an unknown god.
  7802 | D:7      | Found a radiant altar of Vehumet.
  7809 | D:7      | Found a shattered altar of Ashenzari.
  7815 | D:7      | Found a basalt altar of Yredelemnul.
  7817 | D:7      | Found a faded altar of an unknown god.
  8143 | D:8      | Reached skill level 11 in Shields
  8330 | D:8      | Reached ***** piety under Okawaru
  9437 | D:9      | Reached skill level 10 in Long Blades
  9555 | D:9      | Noticed a two-headed ogre
  9569 | D:9      | Killed a two-headed ogre
  9569 | D:9      | Received a gift from Okawaru
  9817 | D:9      | Reached skill level 12 in Shields
 10195 | D:9      | Reached XP level 11. HP: 92/92 MP: 11/11
 10450 | D:10     | Entered Level 10 of the Dungeon
 10450 | D:10     | Found a staircase to the Lair.
 10772 | D:10     | Found Ziffurud's Magic Scroll Shop.
 10792 | D:10     | Bought a scroll of fog for 22 gold pieces
 10795 | D:10     | Identified a scroll of acquirement
 10801 | D:10     | Got a spiked hat
 10880 | D:10     | Got a black opal-encrusted ring mail
 10891 | D:10     | Identified the cursed +1 ring mail "Pemas" {MR+} (You found
                  | it on level 10 of the Dungeon)
 11013 | D:10     | Found a staircase to the Orcish Mines.
 11333 | D:10     | Killed an unseen horror
 11379 | D:10     | Reached ****** piety under Okawaru
 11926 | Lair:1   | Entered Level 1 of the Lair of Beasts
 12015 | Lair:1   | Received a gift from Okawaru
 12018 | Lair:1   | Got a warped quarterstaff {god gift}
 12229 | Lair:1   | Noticed an eight-headed hydra
 12340 | D:11     | Reached skill level 13 in Shields
 12569 | D:11     | Found a blossoming altar of Fedhas.
 12819 | D:11     | Noticed a two-headed ogre
 12822 | D:11     | Killed a two-headed ogre
 12822 | D:11     | Received a gift from Okawaru
 12823 | D:11     | Noticed a death knight
 12836 | D:11     | Killed a death knight
 12836 | D:11     | Reached XP level 12. HP: 22/104 MP: 10/12
 12874 | D:11     | HP: 3/104 [something (8)]
 12880 | D:11     | HP: 1/104 [something (3)]
 12881 | D:11     | Found Reogra's Distillery.
 13061 | D:11     | Bought a potion of heal wounds for 60 gold pieces
 13061 | D:11     | Bought a potion of heal wounds for 60 gold pieces
 13544 | D:11     | Noticed a two-headed ogre
 13557 | D:11     | Killed a two-headed ogre
 14117 | D:12     | Noticed Nergalle
 14159 | D:12     | Killed Nergalle
 14304 | D:12     | Got a jewelled rapier
 14310 | D:12     | Identified the +4 rapier "Tal Vall" {elec, rF- Dex+7
                  | Stlth+} (You found it on level 12 of the Dungeon)
 14456 | D:12     | Reached skill level 10 in Fighting
 14456 | D:12     | Reached skill level 1 in Invocations
 14476 | D:12     | Noticed a two-headed ogre
 14487 | D:12     | Killed a two-headed ogre
 14831 | D:12     | Noticed a two-headed ogre
 14844 | D:12     | Killed a two-headed ogre
 14844 | D:12     | Received a gift from Okawaru
 15060 | D:12     | Reached skill level 14 in Shields
 15432 | D:13     | Noticed Azrael
 15449 | D:12     | HP: 5/107 [fire elemental[Azrael] (12)]
 15450 | D:12     | Slain by a fire elemental

Skill      XL: |  1  2  3  4  5  6  7  8  9 10 11 12 |
---------------+-------------------------------------+-----
Fighting       | 4 5 6 7 9 10 | 10.3
Long Blades    | 3 5 6 7 9 10 12 13 | 13.2
Shields        | 4 5 7 8 10 12 13 14 | 14.0
Armour         | 4 5 6 8 9 |  9.6
Invocations    | 1 |  1.4
Evocations     | |  0.1

Action                   |  1- 3 |  4- 6 |  7- 9 | 10-12 || total
-------------------------+-------+-------+-------+-------++-------
Melee: Long sword        |   160 |   123 |   674 |   496 ||  1453
       Scimitar          |       |       |       |   623 ||   623
Throw: Stone             |     1 |     4 |     1 |       ||     6
Invok: Heroism           |       |       |     1 |     6 ||     7
       Finesse           |       |       |       |     1 ||     1
Evoke: Wand              |       |       |       |     1 ||     1
  Use: Scroll            |       |     7 |       |    20 ||    27
       Potion            |       |       |     1 |     1 ||     2
  Eat: Chunk             |     1 |     5 |    16 |    11 ||    33
       Ration            |       |       |       |     5 ||     5
Armor: Scale mail        |   104 |    44 |   141 |       ||   289
       Chain mail        |       |       |   161 |   164 ||   325
       Plate armour      |       |       |       |   396 ||   396
Dodge: Dodged            |    65 |    34 |   161 |   245 ||   505
Block: Shield            |   102 |    72 |   525 |   838 ||  1537
       Rpst.: Long sword |    16 |     8 |    45 |    36 ||   105
       Scimitar          |       |       |       |    24 ||    24
